Stars vs Roadrunners

Created - Tuesday, March 11, 2025 at 21:54

Goals
1 2 3 OT1 T
Stars 0 1 2 0 3
Roadrunners 3 0 0 1 4
Shots
1 2 3 OT1 T
Stars 5 10 11 0 26
Roadrunners 14 10 19 5 48

1st period

1. Roadrunners , Clark Bishop 16 (Matthew Maggio 23, Dmitri Samorukov 21) at 2:54
2. Roadrunners , Matthew Maggio 20 (Clark Bishop 37, Philip Kemp 24) at 9:09
3. Roadrunners , Roman Ahcan 18 (Jared Davidson 11, Philip Kemp 25) at 13:54

Penalties :
Bradley Marek (TEX) for Hooking (Minor) at 9:20, Tobie Bisson (TEX) for Interference (Minor) at 14:23, Samuel Asselin (TUS) for Slashing (Minor) at 18:03

2nd period

4. Stars , Colin Theisen 5 (Alexander True 16, Cody Haiskanen 19) at 2:45 (PP)

Penalties :
Hunter Drew (TUS) for Tripping (Minor) at 1:24, Hunter Drew (TUS) for Holding (Minor) at 6:04, Reese Johnson (TEX) for Holding (Minor) at 9:20, Ryker Evans (TUS) for Roughing (Minor) at 13:33

3rd period

5. Stars , Cody Haiskanen 8 (Frederic Brunet 13) at 6:26 (PP)
6. Stars , Cale Fleury 1 (Tobie Bisson 26, Vinnie Hinostroza 26) at 6:44 (PP)

Penalties :
Reese Johnson (TEX) for Hooking (Minor) at 0:49, Jeff Malott (TUS) for Fighting (Major) at 4:32, Reese Johnson (TEX) for Fighting (Major) at 4:32, Oskar Steen (TUS) for High sticking (Double Minor) at 4:32, Lane Pederson (TUS) for Roughing (Minor) at 4:32, Cale Fleury (TEX) for Boarding (Minor) at 4:32, Tobie Bisson (TEX) for Slashing (Minor) at 4:32, Dylan Coghlan (TUS) for Interference (Minor) at 4:32, Brett Murray (TEX) for Slashing (Minor) at 15:08, Gavin White (TUS) for Holding (Minor) at 19:04

Overtime #1

7. Roadrunners , Clark Bishop 17 (Lane Pederson 51) at 4:02

Penalties :
No Penalty

Goalie Stats

FarmGoal6 (TEX), 10 saves from 13 shots - (0.769), 15:41 minutes
Nikita Tolopilo (TEX), 34 saves from 35 shots - (0.971), OTL, 9-20-3, 48:22 minutes
Mads Sogaard (TUS), 23 saves from 26 shots - (0.885), W, 23-20-7, 64:03 minutes

Players Stats for Stars

Player Name              G  A  P  +/- PIM S  H  SB GA TA FO     MP     PP MP  PK MP  
------------------------------------------------------------------------------------
Alexander True           0  1  1  -2  0   0  0  0  0  0  11/24  14:18   4:43   0:00 
Bradley Marek            0  0  0  -1  2   2  1  0  0  0  1/1    16:20   0:00   0:00 
Brett Murray             0  0  0  -3  2   4  1  2  0  0  0/2    25:55   4:30   4:39 
Cale Fleury              1  0  1  -1  2   2  1  4  0  0  0/0    24:28   4:41   5:46 
Carson Golder            0  0  0   0  0   0  0  0  0  0  0/0     1:02   0:30   0:32 
Chad Nychuk              0  0  0  -1  0   0  1  0  0  0  0/0    15:09   0:30   0:00 
Cody Haiskanen           1  1  2  -2  0   1  4  1  0  0  0/0    22:52   3:15   4:09 
Colin Theisen            1  0  1   0  0   1  1  0  0  0  0/1    10:54   2:11   1:24 
Farm Player 109          0  0  0  -1  0   0  0  0  0  0  0/14   23:09   3:13   4:04 
Frederic Brunet          0  1  1  -2  0   2  4  3  0  0  0/0    24:11   3:15   4:24 
Grant Cruikshank         0  0  0   0  0   1  1  0  0  0  0/1     7:06   1:05   0:00 
Luke Philp               0  0  0  -1  0   1  0  0  0  0  6/10    5:51   0:00   0:44 
Mark Rassell             0  0  0  -1  0   0  2  2  0  0  4/8    15:02   2:27   0:00 
Reese Johnson            0  0  0  -1  9   4  5  0  0  0  9/25   18:24   3:13   1:28 
Roman Kinal              0  0  0  -1  0   0  3  3  0  0  0/0    16:16   0:30   1:22 
Shawn Element            0  0  0   0  0   1  0  0  0  0  7/23   17:34   0:00   3:40 
Tobie Bisson             0  1  1   0  4   3  3  1  0  0  0/0    23:28   4:41   4:41 
Vinnie Hinostroza        0  1  1  -1  0   4  1  3  0  0  0/1    19:12   3:26   2:47 

Players Stats for Roadrunners

Player Name              G  A  P  +/- PIM S  H  SB GA TA FO     MP     PP MP  PK MP  
------------------------------------------------------------------------------------
Clark Bishop             2  1  3   3  0   6  0  0  0  0  16/28  18:58   3:58   2:06 
Dmitri Samorukov         0  1  1   1  0   0  0  2  0  0  0/0    21:27   4:25   5:19 
Dylan Coghlan            0  0  0   0  2   5  1  2  0  0  0/0    18:59   5:30   5:07 
Gavin White              0  0  0   0  2   0  3  0  0  0  0/0     7:42   0:00   0:00 
Hunter Drew              0  0  0   1  4   3  6  1  0  0  0/0    12:07   0:00   0:32 
Jack Ahcan               0  0  0   2  0   3  0  2  0  0  0/0    21:35   4:25   5:19 
Jared Davidson           0  1  1   1  0   5  3  0  0  0  6/12   13:41   0:00   0:45 
Jeff Malott              0  0  0   0  5   4  0  1  0  0  15/21  27:47   5:57   6:00 
Joona Koppanen           0  0  0   2  0   0  0  0  0  0  3/3    16:22   3:58   0:00 
Lane Pederson            0  1  1   1  2   4  1  0  0  0  18/23  21:14   5:57   5:56 
Maksymilian Szuber       0  0  0   2  0   0  1  2  0  0  0/0    12:59   0:00   0:00 
Matthew Maggio           1  1  2   2  0   3  1  0  0  0  1/2    16:17   3:58   0:00 
Max Ellis                0  0  0   0  0   0  1  0  0  0  1/1     8:34   0:00   0:00 
Oskar Steen              0  0  0   0  4   4  0  0  0  0  1/4    17:20   5:57   2:49 
Philip Kemp              0  2  2   2  0   0  2  0  0  0  0/0    14:51   0:00   1:52 
Roman Ahcan              1  0  1   1  0   4  1  0  0  0  1/1    12:16   0:00   0:24 
Ryker Evans              0  0  0   0  2   7  2  2  0  0  0/0    26:59   5:30   4:49 
Samuel Asselin           0  0  0   0  2   0  2  0  0  0  10/15  10:28   0:00   1:55 

3 Stars

1 - Clark Bishop (TUS)
2 - Matthew Maggio (TUS)
3 - Philip Kemp (TUS)

Power Play

Stars - 3 on 7 Attempt(s) - 42.86%
Roadrunners - 0 on 5 Attempt(s) - 0.00%

Penalty Kill

Stars - 5 on 5 Attempt(s) - 100.00% - Score 0 goal in Penalty Kill
Roadrunners - 4 on 7 Attempt(s) - 57.14% - Score 0 goal in Penalty Kill

Team Stat

Stars - Hits : 28 - Faceoff Wins : 38 - Blocked Shots : 19 - Penalty Minutes : 19
Roadrunners - Hits : 24 - Faceoff Wins : 72 - Blocked Shots : 12 - Penalty Minutes : 23

Official

Referees : Corey Syvret and Kevin Pollock
Linesman : Jonathan Deschamps and Bryan Pancich

Game Notes

FarmGoal6 is injured at 15:41 of 1st period (Sprained Left Finger)
Nikita Tolopilo enters game at 15:41 of 1st period
Colin Theisen is injured at 9:17 of 2nd period (Sprained Left Finger)
General Fight at 4:32 of 3rd period
Jeff Malott and Reese Johnson fight to a draw at 4:32 of 3rd period

Finance

Level 1 -- Attendance: 1912 (95.60%) -- Ticket Income $66,920
Level 2 -- Attendance: 935 (93.50%) -- Ticket Income $14,025
Total Attendance: 2847 (94.90%)
Total Ticket Income: $80,945
Other Income: $39,663
Total Income: $120,608

Stars

5 vs 5 Forward 
   Center                   Left Wing                Right Wing               Time % Phy DF OF 
 1 Reese Johnson            Vinnie Hinostroza        Farm Player 109          25     1   2  2  
 2 Alexander True           Brett Murray             Mark Rassell             25     1   2  2  
 3 Shawn Element            Colin Theisen            Bradley Marek            25     1   2  2  
 4 Luke Philp               Bradley Marek            Brett Murray             25     1   2  2  

5 vs 5 Defense 
   Defense                  Defense                                           Time % Phy DF OF 
 1 Cale Fleury              Tobie Bisson                                      25     1   2  2  
 2 Cody Haiskanen           Frederic Brunet                                   25     1   2  2  
 3 Chad Nychuk              Roman Kinal                                       25     1   2  2  
 4 Cale Fleury              Tobie Bisson                                      25     1   2  2  

PowerPlay Forward 
   Center                   Left Wing                Right Wing               Time % Phy DF OF 
 1 Reese Johnson            Vinnie Hinostroza        Farm Player 109          60     1   2  2  
 2 Alexander True           Brett Murray             Colin Theisen            40     1   2  2  

PowerPlay Defense
   Defense                  Defense                                           Time % Phy DF OF 
 1 Cale Fleury              Tobie Bisson                                      60     1   2  2  
 2 Cody Haiskanen           Frederic Brunet                                   40     1   2  2  

Penalty Kill 4 Players Forward 
   Center                   Wing                     Time % Phy DF OF 
 1 Farm Player 109          Brett Murray             60     1   2  2  
 2 Reese Johnson            Colin Theisen            40     1   2  2  

Penalty Kill 4 Players Defense
   Defense                  Defense                  Time % Phy DF OF 
 1 Cale Fleury              Tobie Bisson             60     1   2  2  
 2 Cody Haiskanen           Frederic Brunet          40     1   2  2  

Penalty Kill - 3 Players Forward 
   Forward                                           Time % Phy DF OF 
 1 Reese Johnson                                     60     1   2  2  
 2 Brett Murray                                      40     1   2  2  

Penalty Kill - 3 Players Defense
   Defense                  Defense                  Time % Phy DF OF 
 1 Cale Fleury              Tobie Bisson             60     1   2  2  
 2 Cody Haiskanen           Frederic Brunet          40     1   2  2  

4 vs 4 Forward 
   Center                   Wing                     Time % Phy DF OF 
 1 Farm Player 109          Brett Murray             60     1   2  2  
 2 Reese Johnson            Colin Theisen            40     1   2  2  

4 vs 4 Defense
   Defense                  Defense                  Time % Phy DF OF 
 1 Cale Fleury              Tobie Bisson             60     1   2  2  
 2 Cody Haiskanen           Frederic Brunet          40     1   2  2  

Last Minutes Offensive
   Center                   Left Wing                Right Wing               Defense                  Defense                  
   Reese Johnson            Vinnie Hinostroza        Farm Player 109          Cale Fleury              Tobie Bisson             

Last Minutes Defensive
   Center                   Left Wing                Right Wing               Defense                  Defense                  
   Reese Johnson            Vinnie Hinostroza        Farm Player 109          Cale Fleury              Tobie Bisson             

Goaltenders
Starting : FarmGoal6                
Backup : Nikita Tolopilo          

Extra Forwards
Normal : Mark Rassell, Grant Cruikshank, Shawn Element - PP : Mark Rassell, Grant Cruikshank - PK : Shawn Element
Extra Defensemen
Normal : Chad Nychuk, Roman Kinal, Farm Player 109 - PP : Chad Nychuk - PK : Roman Kinal, Farm Player 109
Penalty Shots
Farm Player 109, Brett Murray, Reese Johnson, Colin Theisen, Frederic Brunet
Custom OT Lines Forwards
Farm Player 109, Brett Murray, Reese Johnson, Colin Theisen, Frederic Brunet, Alexander True, Bradley Marek, Shawn Element, Luke Philp, Mark Rassell
Custom OT Lines Defensemen
Cale Fleury, Tobie Bisson, Cody Haiskanen, Frederic Brunet, Chad Nychuk

Scratches
FarmPlay2 (Healthy), Farm Player 11 (Healthy), Graham McPhee (Healthy), Patrick Guay (Healthy)

Roadrunners

5 vs 5 Forward 
   Center                   Left Wing                Right Wing               Time % Phy DF OF 
 1 Lane Pederson            Jeff Malott              Oskar Steen              25     1   2  2  
 2 Clark Bishop             Joona Koppanen           Matthew Maggio           25     1   2  2  
 3 Jared Davidson           Roman Ahcan              Hunter Drew              25     1   2  2  
 4 Samuel Asselin           Jeff Malott              Max Ellis                25     1   2  2  

5 vs 5 Defense 
   Defense                  Defense                                           Time % Phy DF OF 
 1 Ryker Evans              Dylan Coghlan                                     25     1   2  2  
 2 Jack Ahcan               Dmitri Samorukov                                  25     1   2  2  
 3 Maksymilian Szuber       Philip Kemp                                       25     1   2  2  
 4 Gavin White              Ryker Evans                                       25     1   2  2  

PowerPlay Forward 
   Center                   Left Wing                Right Wing               Time % Phy DF OF 
 1 Lane Pederson            Jeff Malott              Oskar Steen              60     1   2  2  
 2 Clark Bishop             Joona Koppanen           Matthew Maggio           40     1   2  2  

PowerPlay Defense
   Defense                  Defense                                           Time % Phy DF OF 
 1 Ryker Evans              Dylan Coghlan                                     60     1   2  2  
 2 Jack Ahcan               Dmitri Samorukov                                  40     1   2  2  

Penalty Kill 4 Players Forward 
   Center                   Wing                     Time % Phy DF OF 
 1 Jeff Malott              Lane Pederson            60     1   2  2  
 2 Clark Bishop             Oskar Steen              40     1   2  2  

Penalty Kill 4 Players Defense
   Defense                  Defense                  Time % Phy DF OF 
 1 Ryker Evans              Dylan Coghlan            60     1   2  2  
 2 Jack Ahcan               Dmitri Samorukov         40     1   2  2  

Penalty Kill - 3 Players Forward 
   Forward                                           Time % Phy DF OF 
 1 Jeff Malott                                       60     1   2  2  
 2 Lane Pederson                                     40     1   2  2  

Penalty Kill - 3 Players Defense
   Defense                  Defense                  Time % Phy DF OF 
 1 Ryker Evans              Dylan Coghlan            60     1   2  2  
 2 Jack Ahcan               Dmitri Samorukov         40     1   2  2  

4 vs 4 Forward 
   Center                   Wing                     Time % Phy DF OF 
 1 Jeff Malott              Lane Pederson            60     1   2  2  
 2 Clark Bishop             Oskar Steen              40     1   2  2  

4 vs 4 Defense
   Defense                  Defense                  Time % Phy DF OF 
 1 Ryker Evans              Dylan Coghlan            60     1   2  2  
 2 Jack Ahcan               Dmitri Samorukov         40     1   2  2  

Last Minutes Offensive
   Center                   Left Wing                Right Wing               Defense                  Defense                  
   Lane Pederson            Jeff Malott              Oskar Steen              Ryker Evans              Dylan Coghlan            

Last Minutes Defensive
   Center                   Left Wing                Right Wing               Defense                  Defense                  
   Lane Pederson            Jeff Malott              Oskar Steen              Ryker Evans              Dylan Coghlan            

Goaltenders
Starting : Mads Sogaard             
Backup : Brandon Halverson        

Extra Forwards
Normal : Jared Davidson, Roman Ahcan, Samuel Asselin - PP : Jared Davidson, Roman Ahcan - PK : Samuel Asselin
Extra Defensemen
Normal : Maksymilian Szuber, Philip Kemp, Hunter Drew - PP : Maksymilian Szuber - PK : Philip Kemp, Hunter Drew
Penalty Shots
Jeff Malott, Lane Pederson, Clark Bishop, Oskar Steen, Joona Koppanen
Custom OT Lines Forwards
Jeff Malott, Lane Pederson, Clark Bishop, Oskar Steen, Joona Koppanen, Matthew Maggio, Hunter Drew, Jared Davidson, Roman Ahcan, Samuel Asselin
Custom OT Lines Defensemen
Ryker Evans, Dylan Coghlan, Jack Ahcan, Dmitri Samorukov, Maksymilian Szuber

Scratches
Jakub Brabenec (Healthy), Daylan Kuefler (Healthy), Carl Berglund (Healthy), Trey Fix-Wolansky (Healthy), Wyatt Newpower (Healthy)

% Time on Ice - Stars

Lines # - Real PCT - Wanted PCT - Time Play
Normal Forward
1 - 33% - 25% - 12:59
2 - 22% - 25% - 8:53
3 - 34% - 25% - 13:21
4 - 11% - 25% - 4:27
Normal Defense
1 - 15% - 25% - 6:07
2 - 33% - 25% - 13:16
3 - 35% - 25% - 13:54
4 - 16% - 25% - 6:23
PP Forward
1 - 38% - 60% - 3:13
2 - 62% - 40% - 5:13
PP Defense
1 - 56% - 60% - 4:41
2 - 44% - 40% - 3:45
PK Forward
1 - 69% - 60% - 6:52
2 - 31% - 40% - 3:03
PK Defense
1 - 58% - 60% - 5:46
2 - 42% - 40% - 4:09
PK3 Forward
1 - 0% - 60%
2 - 0% - 40%
PK3 Defense
1 - 0% - 60%
2 - 0% - 40%
44 Forward
1 - 90% - 60% - 2:45
2 - 10% - 40% - 0:18
44 Defense
1 - 67% - 60% - 2:02
2 - 33% - 40% - 1:01
Last Minute Offensive  - 0:00
Last Minute Defensive  - 0:00
Total
Forward - 61:04
Defense - 61:04

% Time on Ice - Roadrunners

Lines # - Real PCT - Wanted PCT - Time Play
Normal Forward
1 - 20% - 25% - 7:48
2 - 29% - 25% - 11:41
3 - 29% - 25% - 11:37
4 - 22% - 25% - 8:34
Normal Defense
1 - 18% - 25% - 7:15
2 - 30% - 25% - 11:43
3 - 33% - 25% - 12:59
4 - 19% - 25% - 7:43
PP Forward
1 - 60% - 60% - 5:57
2 - 40% - 40% - 3:58
PP Defense
1 - 55% - 60% - 5:30
2 - 45% - 40% - 4:25
PK Forward
1 - 75% - 60% - 6:20
2 - 25% - 40% - 2:06
PK Defense
1 - 56% - 60% - 4:41
2 - 44% - 40% - 3:45
PK3 Forward
1 - 100% - 60% - 3:03
2 - 0% - 40% - 0:00
PK3 Defense
1 - 49% - 60% - 1:29
2 - 51% - 40% - 1:34
44 Forward
1 - 0% - 60%
2 - 0% - 40%
44 Defense
1 - 0% - 60%
2 - 0% - 40%
Last Minute Offensive  - 0:00
Last Minute Defensive  - 0:00
Total
Forward - 61:04
Defense - 61:04

Play-by-Play

1st period


0:01 of 1st period - Reese Johnson wins face-off versus Lane Pederson in neutral zone.
0:14 of 1st period - Shot by Oskar Steen.
0:14 of 1st period - Shot Misses the Net.
0:20 of 1st period - Jeff Malott is hit by Reese Johnson and loses puck.
0:29 of 1st period - Shot by Cale Fleury.
0:29 of 1st period - Shot Misses the Net.
0:31 of 1st period - Shot by Vinnie Hinostroza.
0:31 of 1st period - Stopped by Mads Sogaard without a rebound.
0:32 of 1st period - Alexander True wins face-off versus Clark Bishop in Roadrunners zone.
1:02 of 1st period - Joona Koppanen is hit by Frederic Brunet and loses puck.
1:22 of 1st period - Philip Kemp is hit by Frederic Brunet and loses puck.
1:31 of 1st period - Shot by Jared Davidson.
1:31 of 1st period - Shot Misses the Net.
1:54 of 1st period - Roman Ahcan is hit by Cody Haiskanen and loses puck.
2:23 of 1st period - Shot by Jeff Malott.
2:23 of 1st period - Stopped by FarmGoal6 with a rebound.
2:44 of 1st period - Icing by Frederic Brunet.
2:45 of 1st period - Clark Bishop wins face-off versus Alexander True in Stars zone.
2:45 of 1st period - Dmitri Samorukov is hit by Frederic Brunet and loses puck.
2:52 of 1st period - Shot by Clark Bishop.
2:52 of 1st period - Stopped by FarmGoal6 with a rebound.
2:54 of 1st period - Shot by Clark Bishop.
2:54 of 1st period - Goal by Clark Bishop - Stars : 0 - Roadrunners : 1.
2:55 of 1st period - Jeff Malott wins face-off versus Shawn Element in neutral zone.
3:34 of 1st period - Icing by Dmitri Samorukov.
3:35 of 1st period - Jeff Malott wins face-off versus Reese Johnson in Roadrunners zone.
3:35 of 1st period - Oskar Steen is hit by Reese Johnson and loses puck.
4:04 of 1st period - Shot by Vinnie Hinostroza.
4:04 of 1st period - Deflect By Reese Johnson.
4:04 of 1st period - Shot Misses the Net.
4:06 of 1st period - Shot by Cale Fleury.
4:06 of 1st period - Shot Misses the Net.
4:56 of 1st period - Bradley Marek is hit by Hunter Drew.
5:05 of 1st period - Icing by Chad Nychuk.
5:06 of 1st period - Joona Koppanen wins face-off versus Shawn Element in Stars zone.
5:11 of 1st period - Shot by Matthew Maggio.
5:11 of 1st period - Shot Misses the Net.
5:39 of 1st period - Shot by Joona Koppanen.
5:39 of 1st period - Shot Blocked by Vinnie Hinostroza.
5:50 of 1st period - Icing by Philip Kemp.
5:51 of 1st period - Clark Bishop wins face-off versus Luke Philp in Roadrunners zone.
5:55 of 1st period - Icing by Matthew Maggio.
5:56 of 1st period - Joona Koppanen wins face-off versus Vinnie Hinostroza in Roadrunners zone.
5:56 of 1st period - Joona Koppanen is hit by Vinnie Hinostroza.
6:38 of 1st period - Off-side.
6:39 of 1st period - Samuel Asselin wins face-off versus Alexander True in neutral zone.
6:55 of 1st period - Off-side.
6:56 of 1st period - Luke Philp wins face-off versus Jared Davidson in neutral zone.
6:58 of 1st period - Brett Murray is hit by Hunter Drew and loses puck.
7:22 of 1st period - Off-side.
7:23 of 1st period - Jeff Malott wins face-off versus Colin Theisen in neutral zone.
7:44 of 1st period - Shot by Max Ellis.
7:44 of 1st period - Shot Blocked by Roman Kinal.
7:46 of 1st period - Shot by Gavin White.
7:46 of 1st period - Shot Misses the Net.
7:48 of 1st period - Shot by Jeff Malott.
7:48 of 1st period - Shot Blocked by Roman Kinal.
8:34 of 1st period - Icing by Vinnie Hinostroza.
8:35 of 1st period - Reese Johnson wins face-off versus Clark Bishop in Stars zone.
9:00 of 1st period - Philip Kemp is hit by Cody Haiskanen and loses puck.
9:05 of 1st period - Shot by Matthew Maggio.
9:05 of 1st period - Shot Misses the Net.
9:07 of 1st period - Shot by Clark Bishop.
9:07 of 1st period - Shot Blocked by Frederic Brunet.
9:09 of 1st period - Shot by Matthew Maggio.
9:09 of 1st period - Goal by Matthew Maggio - Stars : 0 - Roadrunners : 2.
9:10 of 1st period - Bradley Marek wins face-off versus Lane Pederson in neutral zone.
9:15 of 1st period - Shot by Luke Philp.
9:15 of 1st period - Stopped by Mads Sogaard without a rebound.
9:16 of 1st period - Luke Philp wins face-off versus Samuel Asselin in Roadrunners zone.
9:20 of 1st period - Minor Penalty to Bradley Marek for Hooking.
9:21 of 1st period - Lane Pederson wins face-off versus Farm Player 109 in Stars zone.
10:15 of 1st period - Icing by Clark Bishop.
10:16 of 1st period - Reese Johnson wins face-off versus Clark Bishop in Roadrunners zone.
10:28 of 1st period - Joona Koppanen is hit by Cody Haiskanen.
10:32 of 1st period - Shot by Clark Bishop.
10:32 of 1st period - Stopped by FarmGoal6 without a rebound.
10:33 of 1st period - Lane Pederson wins face-off versus Farm Player 109 in Stars zone.
11:32 of 1st period - Roman Ahcan is hit by Chad Nychuk and loses puck.
12:06 of 1st period - Icing by Hunter Drew.
12:07 of 1st period - Jared Davidson wins face-off versus Alexander True in Roadrunners zone.
12:57 of 1st period - Shot by Vinnie Hinostroza.
12:57 of 1st period - Deflect By Reese Johnson.
12:57 of 1st period - Stopped by Mads Sogaard without a rebound.
12:58 of 1st period - Jeff Malott wins face-off versus Reese Johnson in Roadrunners zone.
13:04 of 1st period - Ryker Evans is hit by Cody Haiskanen and loses puck.
13:52 of 1st period - Shot by Philip Kemp.
13:52 of 1st period - Shot Misses the Net.
13:54 of 1st period - Shot by Jared Davidson.
13:54 of 1st period - Deflect By Roman Ahcan.
13:54 of 1st period - Goal by Roman Ahcan - Stars : 0 - Roadrunners : 3.
13:55 of 1st period - Clark Bishop wins face-off versus Shawn Element in neutral zone.
14:20 of 1st period - Shot by Clark Bishop.
14:20 of 1st period - Stopped by FarmGoal6 with a rebound.
14:22 of 1st period - Shot by Clark Bishop.
14:22 of 1st period - Shot Hit the Post.
14:23 of 1st period - Minor Penalty to Tobie Bisson for Interference.
14:24 of 1st period - Lane Pederson wins face-off versus Farm Player 109 in Stars zone.
14:37 of 1st period - Shot by Dylan Coghlan.
14:37 of 1st period - Stopped by FarmGoal6 with a rebound.
14:39 of 1st period - Shot by Oskar Steen.
14:39 of 1st period - Stopped by FarmGoal6 without a rebound.
14:40 of 1st period - Clark Bishop wins face-off versus Shawn Element in Stars zone.
14:55 of 1st period - Shot by Clark Bishop.
14:55 of 1st period - Shot Blocked by Cale Fleury.
14:57 of 1st period - Shot by Jack Ahcan.
14:57 of 1st period - Stopped by FarmGoal6 with a rebound.
14:59 of 1st period - Shot by Joona Koppanen.
14:59 of 1st period - Shot Misses the Net.
15:01 of 1st period - Shot by Jack Ahcan.
15:01 of 1st period - Shot Misses the Net.
15:03 of 1st period - Shot by Jack Ahcan.
15:03 of 1st period - Stopped by FarmGoal6 with a rebound.
15:05 of 1st period - Shot by Dmitri Samorukov.
15:05 of 1st period - Shot Blocked by Cale Fleury.
15:31 of 1st period - Shot by Oskar Steen.
15:31 of 1st period - Shot Misses the Net.
15:33 of 1st period - Shot by Ryker Evans.
15:33 of 1st period - Stopped by FarmGoal6 with a rebound.
15:35 of 1st period - Shot by Jeff Malott.
15:35 of 1st period - Deflect By Oskar Steen.
15:35 of 1st period - Shot Misses the Net.
15:37 of 1st period - Shot by Lane Pederson.
15:37 of 1st period - Shot Misses the Net.
15:39 of 1st period - Shot by Jeff Malott.
15:39 of 1st period - Shot Misses the Net.
15:41 of 1st period - Shot by Jeff Malott.
15:41 of 1st period - Stopped by FarmGoal6 with a rebound.
15:41 of 1st period - FarmGoal6 from Stars is injured at 15:41 of 1st period (Sprained Left Finger).
15:41 of 1st period - Nikita Tolopilo enters game.
15:42 of 1st period - Lane Pederson wins face-off versus Farm Player 109 in Stars zone.
15:43 of 1st period - Shot by Ryker Evans.
15:43 of 1st period - Shot Blocked by Frederic Brunet.
15:45 of 1st period - Shot by Lane Pederson.
15:45 of 1st period - Shot Blocked by Vinnie Hinostroza.
15:47 of 1st period - Shot by Jeff Malott.
15:47 of 1st period - Shot Misses the Net.
16:02 of 1st period - Icing by Ryker Evans.
16:03 of 1st period - Jeff Malott wins face-off versus Reese Johnson in Roadrunners zone.
16:28 of 1st period - Icing by Bradley Marek.
16:29 of 1st period - Jared Davidson wins face-off versus Luke Philp in Stars zone.
16:32 of 1st period - Shot by Jared Davidson.
16:32 of 1st period - Stopped by Nikita Tolopilo without a rebound.
16:33 of 1st period - Jared Davidson wins face-off versus Shawn Element in Stars zone.
17:17 of 1st period - Icing by Frederic Brunet.
17:18 of 1st period - Shawn Element wins face-off versus Samuel Asselin in Stars zone.
17:18 of 1st period - Shawn Element is hit by Samuel Asselin.
17:21 of 1st period - Bradley Marek is hit by Max Ellis and loses puck.
17:55 of 1st period - Icing by Jeff Malott.
17:56 of 1st period - Samuel Asselin wins face-off versus Reese Johnson in Roadrunners zone.
18:01 of 1st period - Reese Johnson is hit by Samuel Asselin and loses puck.
18:03 of 1st period - Minor Penalty to Samuel Asselin for Slashing.
18:04 of 1st period - Jeff Malott wins face-off versus Reese Johnson in Roadrunners zone.
18:15 of 1st period - Shot by Reese Johnson.
18:15 of 1st period - Shot Misses the Net.
18:23 of 1st period - Shot by Tobie Bisson.
18:23 of 1st period - Stopped by Mads Sogaard without a rebound.
18:24 of 1st period - Jeff Malott wins face-off versus Alexander True in Roadrunners zone.
18:33 of 1st period - Brett Murray is hit by Lane Pederson and loses puck.
19:43 of 1st period - Shot by Reese Johnson.
19:43 of 1st period - Shot Misses the Net.
19:45 of 1st period - Shot by Reese Johnson.
19:45 of 1st period - Stopped by Mads Sogaard with a rebound.
Goals for this period are 0 for Stars vs 3 for Roadrunners.
Shots for this period are 5 for Stars vs 14 for Roadrunners.

2nd period


0:01 of 2nd period - Jeff Malott wins face-off versus Reese Johnson in neutral zone.
0:09 of 2nd period - Shot by Matthew Maggio.
0:09 of 2nd period - Shot Misses the Net.
0:11 of 2nd period - Shot by Matthew Maggio.
0:11 of 2nd period - Shot Misses the Net.
0:13 of 2nd period - Shot by Joona Koppanen.
0:13 of 2nd period - Shot Blocked by Brett Murray.
0:15 of 2nd period - Shot by Ryker Evans.
0:15 of 2nd period - Stopped by Nikita Tolopilo without a rebound.
0:16 of 2nd period - Lane Pederson wins face-off versus Farm Player 109 in Stars zone.
0:35 of 2nd period - Shot by Lane Pederson.
0:35 of 2nd period - Deflect By Jeff Malott.
0:35 of 2nd period - Shot Blocked by Vinnie Hinostroza.
0:37 of 2nd period - Shot by Oskar Steen.
0:37 of 2nd period - Stopped by Nikita Tolopilo with a rebound.
0:39 of 2nd period - Shot by Lane Pederson.
0:39 of 2nd period - Shot Misses the Net.
0:41 of 2nd period - Shot by Oskar Steen.
0:41 of 2nd period - Stopped by Nikita Tolopilo without a rebound.
0:42 of 2nd period - Luke Philp wins face-off versus Jared Davidson in Stars zone.
0:42 of 2nd period - Luke Philp is hit by Hunter Drew.
0:45 of 2nd period - Chad Nychuk is hit by Hunter Drew and loses puck.
1:24 of 2nd period - Minor Penalty to Hunter Drew for Tripping.
1:25 of 2nd period - Reese Johnson wins face-off versus Jeff Malott in Roadrunners zone.
1:34 of 2nd period - Shot by Tobie Bisson.
1:34 of 2nd period - Shot Blocked by Dmitri Samorukov.
2:18 of 2nd period - Shot by Frederic Brunet.
2:18 of 2nd period - Shot Misses the Net.
2:20 of 2nd period - Shot by Frederic Brunet.
2:20 of 2nd period - Shot Blocked by Jeff Malott.
2:22 of 2nd period - Shot by Alexander True.
2:22 of 2nd period - Shot Blocked by Jack Ahcan.
2:24 of 2nd period - Shot by Frederic Brunet.
2:24 of 2nd period - Stopped by Mads Sogaard without a rebound.
2:25 of 2nd period - Clark Bishop wins face-off versus Alexander True in Roadrunners zone.
2:38 of 2nd period - Frederic Brunet is hit by Dylan Coghlan and loses puck.
2:41 of 2nd period - Shot by Frederic Brunet.
2:41 of 2nd period - Stopped by Mads Sogaard with a rebound.
2:43 of 2nd period - Shot by Cody Haiskanen.
2:43 of 2nd period - Shot Blocked by Dylan Coghlan.
2:45 of 2nd period - Shot by Alexander True.
2:45 of 2nd period - Deflect By Colin Theisen.
2:45 of 2nd period - Goal by Colin Theisen - Stars : 1 - Roadrunners : 3.
2:46 of 2nd period - Shawn Element wins face-off versus Jared Davidson in neutral zone.
2:46 of 2nd period - Shawn Element is hit by Jared Davidson.
2:51 of 2nd period - Bradley Marek is hit by Maksymilian Szuber and loses puck.
3:29 of 2nd period - Icing by Bradley Marek.
3:30 of 2nd period - Lane Pederson wins face-off versus Shawn Element in Stars zone.
3:55 of 2nd period - Shot by Jeff Malott.
3:55 of 2nd period - Deflect By Lane Pederson.
3:55 of 2nd period - Shot Misses the Net.
4:04 of 2nd period - Icing by Shawn Element.
4:05 of 2nd period - Clark Bishop wins face-off versus Shawn Element in Stars zone.
4:15 of 2nd period - Icing by Roman Kinal.
4:16 of 2nd period - Clark Bishop wins face-off versus Shawn Element in Stars zone.
4:24 of 2nd period - Shot by Matthew Maggio.
4:24 of 2nd period - Shot Misses the Net.
4:31 of 2nd period - Off-side.
4:32 of 2nd period - Max Ellis wins face-off versus Alexander True in neutral zone.
4:32 of 2nd period - Max Ellis is hit by Mark Rassell.
4:43 of 2nd period - Samuel Asselin is hit by Tobie Bisson and loses puck.
4:48 of 2nd period - Shot by Max Ellis.
4:48 of 2nd period - Shot Misses the Net.
4:50 of 2nd period - Shot by Dylan Coghlan.
4:50 of 2nd period - Shot Misses the Net.
5:04 of 2nd period - Shot by Jeff Malott.
5:04 of 2nd period - Shot Misses the Net.
5:17 of 2nd period - Icing by Cale Fleury.
5:18 of 2nd period - Alexander True wins face-off versus Clark Bishop in Stars zone.
6:04 of 2nd period - Minor Penalty to Hunter Drew for Holding.
6:05 of 2nd period - Jeff Malott wins face-off versus Brett Murray in Roadrunners zone.
6:17 of 2nd period - Grant Cruikshank is hit by Ryker Evans and loses puck.
6:29 of 2nd period - Icing by Alexander True.
6:30 of 2nd period - Alexander True wins face-off versus Jeff Malott in Stars zone.
6:35 of 2nd period - Lane Pederson is hit by Brett Murray and loses puck.
6:48 of 2nd period - Icing by Grant Cruikshank.
6:49 of 2nd period - Alexander True wins face-off versus Clark Bishop in Stars zone.
7:08 of 2nd period - Jack Ahcan is hit by Reese Johnson.
8:01 of 2nd period - Icing by Mark Rassell.
8:02 of 2nd period - Mark Rassell wins face-off versus Oskar Steen in Stars zone.
8:08 of 2nd period - Luke Philp is hit by Philip Kemp and loses puck.
8:23 of 2nd period - Brett Murray is hit by Jared Davidson and loses puck.
8:34 of 2nd period - Shot by Jared Davidson.
8:34 of 2nd period - Stopped by Nikita Tolopilo without a rebound.
8:35 of 2nd period - Clark Bishop wins face-off versus Reese Johnson in Stars zone.
8:35 of 2nd period - Joona Koppanen is hit by Cale Fleury and loses puck.
8:46 of 2nd period - Shot by Reese Johnson.
8:46 of 2nd period - Stopped by Mads Sogaard without a rebound.
8:47 of 2nd period - Jeff Malott wins face-off versus Shawn Element in Roadrunners zone.
8:47 of 2nd period - Jeff Malott is hit by Colin Theisen.
9:16 of 2nd period - Colin Theisen is hit by Gavin White and loses puck.
9:17 of 2nd period - Colin Theisen from Stars is injured at 9:17 of 2nd period (Sprained Left Finger).
9:18 of 2nd period - Clark Bishop wins face-off versus Reese Johnson in Roadrunners zone.
9:20 of 2nd period - Minor Penalty to Reese Johnson for Holding.
9:21 of 2nd period - Clark Bishop wins face-off versus Farm Player 109 in Stars zone.
9:28 of 2nd period - Shot by Jack Ahcan.
9:28 of 2nd period - Stopped by Nikita Tolopilo without a rebound.
9:29 of 2nd period - Clark Bishop wins face-off versus Farm Player 109 in Stars zone.
9:44 of 2nd period - Shot by Ryker Evans.
9:44 of 2nd period - Shot Misses the Net.
10:02 of 2nd period - Shot by Dylan Coghlan.
10:02 of 2nd period - Shot Blocked by Cody Haiskanen.
10:04 of 2nd period - Shot by Matthew Maggio.
10:04 of 2nd period - Stopped by Nikita Tolopilo with a rebound.
10:06 of 2nd period - Shot by Dylan Coghlan.
10:06 of 2nd period - Shot Misses the Net.
10:17 of 2nd period - Icing by Dmitri Samorukov.
10:18 of 2nd period - Lane Pederson wins face-off versus Shawn Element in Roadrunners zone.
11:02 of 2nd period - Icing by Lane Pederson.
11:03 of 2nd period - Lane Pederson wins face-off versus Farm Player 109 in Roadrunners zone.
11:15 of 2nd period - Lane Pederson is hit by Frederic Brunet.
11:28 of 2nd period - Icing by Roman Kinal.
11:29 of 2nd period - Alexander True wins face-off versus Jared Davidson in Stars zone.
11:40 of 2nd period - Roman Kinal is hit by Hunter Drew and loses puck.
11:57 of 2nd period - Shot by Hunter Drew.
11:57 of 2nd period - Stopped by Nikita Tolopilo with a rebound.
11:59 of 2nd period - Shot by Ryker Evans.
11:59 of 2nd period - Shot Blocked by Roman Kinal.
12:01 of 2nd period - Shot by Dylan Coghlan.
12:01 of 2nd period - Shot Blocked by Mark Rassell.
12:03 of 2nd period - Shot by Ryker Evans.
12:03 of 2nd period - Stopped by Nikita Tolopilo without a rebound.
12:04 of 2nd period - Shawn Element wins face-off versus Matthew Maggio in Stars zone.
12:14 of 2nd period - Icing by Tobie Bisson.
12:15 of 2nd period - Samuel Asselin wins face-off versus Shawn Element in Stars zone.
12:40 of 2nd period - Shot by Bradley Marek.
12:40 of 2nd period - Shot Hit the Post.
13:21 of 2nd period - Shot by Reese Johnson.
13:21 of 2nd period - Deflect By Vinnie Hinostroza.
13:21 of 2nd period - Stopped by Mads Sogaard without a rebound.
13:22 of 2nd period - Alexander True wins face-off versus Clark Bishop in Roadrunners zone.
13:22 of 2nd period - Alexander True is hit by Ryker Evans.
13:33 of 2nd period - Minor Penalty to Ryker Evans for Roughing.
13:34 of 2nd period - Alexander True wins face-off versus Oskar Steen in Roadrunners zone.
13:35 of 2nd period - Shot by Tobie Bisson.
13:35 of 2nd period - Shot Misses the Net.
13:37 of 2nd period - Shot by Alexander True.
13:37 of 2nd period - Deflect By Brett Murray.
13:37 of 2nd period - Stopped by Mads Sogaard without a rebound.
13:38 of 2nd period - Alexander True wins face-off versus Jeff Malott in Roadrunners zone.
13:39 of 2nd period - Shot by Cale Fleury.
13:39 of 2nd period - Shot Blocked by Hunter Drew.
14:02 of 2nd period - Shot by Alexander True.
14:02 of 2nd period - Shot Blocked by Dylan Coghlan.
14:04 of 2nd period - Shot by Tobie Bisson.
14:04 of 2nd period - Stopped by Mads Sogaard without a rebound.
14:05 of 2nd period - Reese Johnson wins face-off versus Clark Bishop in Roadrunners zone.
14:23 of 2nd period - Shot by Reese Johnson.
14:23 of 2nd period - Shot Misses the Net.
14:25 of 2nd period - Shot by Reese Johnson.
14:25 of 2nd period - Shot Blocked by Jack Ahcan.
14:27 of 2nd period - Shot by Reese Johnson.
14:27 of 2nd period - Shot Misses the Net.
14:29 of 2nd period - Shot by Frederic Brunet.
14:29 of 2nd period - Shot Misses the Net.
14:35 of 2nd period - Shot by Reese Johnson.
14:35 of 2nd period - Stopped by Mads Sogaard without a rebound.
14:36 of 2nd period - Alexander True wins face-off versus Jeff Malott in Roadrunners zone.
14:49 of 2nd period - Shot by Cale Fleury.
14:49 of 2nd period - Stopped by Mads Sogaard without a rebound.
14:50 of 2nd period - Jeff Malott wins face-off versus Alexander True in Roadrunners zone.
15:37 of 2nd period - Jared Davidson is hit by Bradley Marek and loses puck.
15:46 of 2nd period - Shot by Bradley Marek.
15:46 of 2nd period - Shot Misses the Net.
15:56 of 2nd period - Bradley Marek is hit by Hunter Drew and loses puck.
16:53 of 2nd period - Icing by Jack Ahcan.
16:54 of 2nd period - Alexander True wins face-off versus Clark Bishop in Roadrunners zone.
16:55 of 2nd period - Shot by Brett Murray.
16:55 of 2nd period - Stopped by Mads Sogaard without a rebound.
16:56 of 2nd period - Lane Pederson wins face-off versus Brett Murray in Roadrunners zone.
17:14 of 2nd period - Shot by Oskar Steen.
17:14 of 2nd period - Shot Blocked by Brett Murray.
17:16 of 2nd period - Shot by Jeff Malott.
17:16 of 2nd period - Stopped by Nikita Tolopilo with a rebound.
17:18 of 2nd period - Shot by Philip Kemp.
17:18 of 2nd period - Shot Misses the Net.
17:20 of 2nd period - Shot by Jeff Malott.
17:20 of 2nd period - Shot Blocked by Mark Rassell.
17:31 of 2nd period - Lane Pederson is hit by Tobie Bisson and loses puck.
17:51 of 2nd period - Icing by Ryker Evans.
17:52 of 2nd period - Jared Davidson wins face-off versus Shawn Element in Roadrunners zone.
18:03 of 2nd period - Shot by Roman Ahcan.
18:03 of 2nd period - Shot Misses the Net.
18:05 of 2nd period - Shot by Roman Ahcan.
18:05 of 2nd period - Shot Misses the Net.
18:07 of 2nd period - Shot by Roman Ahcan.
18:07 of 2nd period - Stopped by Nikita Tolopilo with a rebound.
18:42 of 2nd period - Icing by Chad Nychuk.
18:43 of 2nd period - Jeff Malott wins face-off versus Reese Johnson in Stars zone.
19:32 of 2nd period - Joona Koppanen is hit by Reese Johnson and loses puck.
Goals for this period are 1 for Stars vs 0 for Roadrunners.
Shots for this period are 10 for Stars vs 10 for Roadrunners.

3rd period


0:01 of 3rd period - Lane Pederson wins face-off versus Luke Philp in neutral zone.
0:17 of 3rd period - Brett Murray is hit by Gavin White and loses puck.
0:20 of 3rd period - Shot by Bradley Marek.
0:20 of 3rd period - Shot Hit the Post.
0:22 of 3rd period - Shot by Bradley Marek.
0:22 of 3rd period - Stopped by Mads Sogaard without a rebound.
0:23 of 3rd period - Reese Johnson wins face-off versus Clark Bishop in Roadrunners zone.
0:49 of 3rd period - Minor Penalty to Reese Johnson for Hooking.
0:50 of 3rd period - Lane Pederson wins face-off versus Farm Player 109 in Stars zone.
0:51 of 3rd period - Shot by Oskar Steen.
0:51 of 3rd period - Shot Blocked by Tobie Bisson.
0:53 of 3rd period - Shot by Dylan Coghlan.
0:53 of 3rd period - Shot Misses the Net.
0:55 of 3rd period - Shot by Dylan Coghlan.
0:55 of 3rd period - Shot Blocked by Cale Fleury.
0:57 of 3rd period - Shot by Dylan Coghlan.
0:57 of 3rd period - Stopped by Nikita Tolopilo with a rebound.
0:59 of 3rd period - Shot by Ryker Evans.
0:59 of 3rd period - Stopped by Nikita Tolopilo without a rebound.
1:00 of 3rd period - Lane Pederson wins face-off versus Farm Player 109 in Stars zone.
1:34 of 3rd period - Icing by Dylan Coghlan.
1:35 of 3rd period - Shawn Element wins face-off versus Lane Pederson in Roadrunners zone.
1:40 of 3rd period - Shot by Vinnie Hinostroza.
1:40 of 3rd period - Stopped by Mads Sogaard without a rebound.
1:41 of 3rd period - Shawn Element wins face-off versus Clark Bishop in Roadrunners zone.
2:03 of 3rd period - Shot by Clark Bishop.
2:03 of 3rd period - Shot Blocked by Cale Fleury.
2:05 of 3rd period - Shot by Clark Bishop.
2:05 of 3rd period - Shot Misses the Net.
2:39 of 3rd period - Shot by Dylan Coghlan.
2:39 of 3rd period - Stopped by Nikita Tolopilo without a rebound.
2:40 of 3rd period - Luke Philp wins face-off versus Oskar Steen in Stars zone.
3:02 of 3rd period - Mark Rassell is hit by Philip Kemp and loses puck.
3:11 of 3rd period - Shot by Brett Murray.
3:11 of 3rd period - Shot Misses the Net.
3:13 of 3rd period - Shot by Brett Murray.
3:13 of 3rd period - Stopped by Mads Sogaard without a rebound.
3:14 of 3rd period - Samuel Asselin wins face-off versus Shawn Element in Roadrunners zone.
3:25 of 3rd period - Shot by Bradley Marek.
3:25 of 3rd period - Stopped by Mads Sogaard without a rebound.
3:26 of 3rd period - Clark Bishop wins face-off versus Reese Johnson in Roadrunners zone.
3:26 of 3rd period - Clark Bishop is hit by Reese Johnson.
4:02 of 3rd period - Icing by Vinnie Hinostroza.
4:03 of 3rd period - Lane Pederson wins face-off versus Reese Johnson in Stars zone.
4:15 of 3rd period - Shot by Lane Pederson.
4:15 of 3rd period - Shot Misses the Net.
4:17 of 3rd period - Shot by Dylan Coghlan.
4:17 of 3rd period - Shot Misses the Net.
4:25 of 3rd period - Shot by Jeff Malott.
4:25 of 3rd period - Shot Misses the Net.
4:27 of 3rd period - Shot by Dylan Coghlan.
4:27 of 3rd period - Shot Misses the Net.
4:32 of 3rd period - Jeff Malott and Reese Johnson fight to a draw.
4:32 of 3rd period - Penalty to Jeff Malott for Fighting.
4:32 of 3rd period - Penalty to Reese Johnson for Fighting.
4:32 of 3rd period - Double Minor Penalty to Oskar Steen for High sticking.
4:32 of 3rd period - Minor Penalty to Lane Pederson for Roughing.
4:32 of 3rd period - Minor Penalty to Cale Fleury for Boarding.
4:32 of 3rd period - Minor Penalty to Tobie Bisson for Slashing.
4:32 of 3rd period - Minor Penalty to Dylan Coghlan for Interference.
4:33 of 3rd period - Mark Rassell wins face-off versus Samuel Asselin in Roadrunners zone.
4:38 of 3rd period - Shot by Brett Murray.
4:38 of 3rd period - Stopped by Mads Sogaard without a rebound.
4:39 of 3rd period - Samuel Asselin wins face-off versus Mark Rassell in Roadrunners zone.
4:39 of 3rd period - Samuel Asselin is hit by Mark Rassell.
4:54 of 3rd period - Off-side.
4:55 of 3rd period - Samuel Asselin wins face-off versus Mark Rassell in neutral zone.
5:01 of 3rd period - Icing by Frederic Brunet.
5:02 of 3rd period - Mark Rassell wins face-off versus Samuel Asselin in Stars zone.
6:19 of 3rd period - Frederic Brunet is hit by Jared Davidson and loses puck.
6:26 of 3rd period - Shot by Cody Haiskanen.
6:26 of 3rd period - Goal by Cody Haiskanen - Stars : 2 - Roadrunners : 3.
6:27 of 3rd period - Samuel Asselin wins face-off versus Mark Rassell in neutral zone.
6:42 of 3rd period - Shot by Tobie Bisson.
6:42 of 3rd period - Shot Misses the Net.
6:44 of 3rd period - Shot by Cale Fleury.
6:44 of 3rd period - Goal by Cale Fleury - Stars : 3 - Roadrunners : 3.
6:45 of 3rd period - Matthew Maggio wins face-off versus Shawn Element in neutral zone.
7:02 of 3rd period - Shot by Bradley Marek.
7:02 of 3rd period - Shot Blocked by Maksymilian Szuber.
7:04 of 3rd period - Shot by Mark Rassell.
7:04 of 3rd period - Shot Misses the Net.
7:06 of 3rd period - Shot by Shawn Element.
7:06 of 3rd period - Shot Misses the Net.
7:10 of 3rd period - Shot by Bradley Marek.
7:10 of 3rd period - Shot Blocked by Maksymilian Szuber.
7:12 of 3rd period - Shot by Cale Fleury.
7:12 of 3rd period - Shot Misses the Net.
7:14 of 3rd period - Shot by Shawn Element.
7:14 of 3rd period - Stopped by Mads Sogaard without a rebound.
7:15 of 3rd period - Oskar Steen wins face-off versus Grant Cruikshank in Roadrunners zone.
7:44 of 3rd period - Shot by Jared Davidson.
7:44 of 3rd period - Deflect By Lane Pederson.
7:44 of 3rd period - Stopped by Nikita Tolopilo without a rebound.
7:45 of 3rd period - Samuel Asselin wins face-off versus Luke Philp in Stars zone.
7:45 of 3rd period - Max Ellis is hit by Roman Kinal and loses puck.
7:53 of 3rd period - Max Ellis is hit by Roman Kinal.
7:59 of 3rd period - Shot by Roman Ahcan.
7:59 of 3rd period - Stopped by Nikita Tolopilo without a rebound.
8:00 of 3rd period - Clark Bishop wins face-off versus Alexander True in Stars zone.
8:34 of 3rd period - Icing by Maksymilian Szuber.
8:35 of 3rd period - Shawn Element wins face-off versus Clark Bishop in Roadrunners zone.
9:56 of 3rd period - Icing by Gavin White.
9:57 of 3rd period - Lane Pederson wins face-off versus Alexander True in Roadrunners zone.
10:17 of 3rd period - Icing by Jack Ahcan.
10:18 of 3rd period - Samuel Asselin wins face-off versus Mark Rassell in Roadrunners zone.
11:22 of 3rd period - Shot by Jared Davidson.
11:22 of 3rd period - Stopped by Nikita Tolopilo without a rebound.
11:23 of 3rd period - Clark Bishop wins face-off versus Reese Johnson in Stars zone.
11:36 of 3rd period - Shot by Matthew Maggio.
11:36 of 3rd period - Shot Misses the Net.
11:38 of 3rd period - Shot by Maksymilian Szuber.
11:38 of 3rd period - Shot Misses the Net.
11:40 of 3rd period - Shot by Joona Koppanen.
11:40 of 3rd period - Deflect By Matthew Maggio.
11:40 of 3rd period - Stopped by Nikita Tolopilo without a rebound.
11:41 of 3rd period - Luke Philp wins face-off versus Lane Pederson in Stars zone.
11:48 of 3rd period - Shot by Chad Nychuk.
11:48 of 3rd period - Shot Blocked by Ryker Evans.
11:58 of 3rd period - Shot by Lane Pederson.
11:58 of 3rd period - Shot Hit the Post.
12:10 of 3rd period - Shot by Jeff Malott.
12:10 of 3rd period - Shot Misses the Net.
12:12 of 3rd period - Shot by Dylan Coghlan.
12:12 of 3rd period - Stopped by Nikita Tolopilo without a rebound.
12:13 of 3rd period - Reese Johnson wins face-off versus Jared Davidson in Stars zone.
12:13 of 3rd period - Reese Johnson is hit by Roman Ahcan.
12:33 of 3rd period - Shot by Reese Johnson.
12:33 of 3rd period - Shot Misses the Net.
12:35 of 3rd period - Shot by Reese Johnson.
12:35 of 3rd period - Shot Blocked by Dmitri Samorukov.
12:37 of 3rd period - Shot by Vinnie Hinostroza.
12:37 of 3rd period - Stopped by Mads Sogaard without a rebound.
12:38 of 3rd period - Clark Bishop wins face-off versus Shawn Element in Roadrunners zone.
12:38 of 3rd period - Clark Bishop is hit by Grant Cruikshank.
12:55 of 3rd period - Shawn Element is hit by Matthew Maggio.
13:42 of 3rd period - Shot by Jeff Malott.
13:42 of 3rd period - Shot Misses the Net.
13:52 of 3rd period - Shot by Jeff Malott.
13:52 of 3rd period - Stopped by Nikita Tolopilo without a rebound.
13:53 of 3rd period - Roman Ahcan wins face-off versus Alexander True in Stars zone.
14:04 of 3rd period - Shot by Jared Davidson.
14:04 of 3rd period - Stopped by Nikita Tolopilo without a rebound.
14:05 of 3rd period - Samuel Asselin wins face-off versus Reese Johnson in Stars zone.
14:17 of 3rd period - Samuel Asselin is hit by Roman Kinal and loses puck.
14:57 of 3rd period - Icing by Jack Ahcan.
14:58 of 3rd period - Jared Davidson wins face-off versus Alexander True in Roadrunners zone.
15:08 of 3rd period - Minor Penalty to Brett Murray for Slashing.
15:09 of 3rd period - Clark Bishop wins face-off versus Shawn Element in Stars zone.
15:09 of 3rd period - Jack Ahcan is hit by Tobie Bisson and loses puck.
15:36 of 3rd period - Off-side.
15:37 of 3rd period - Lane Pederson wins face-off versus Farm Player 109 in neutral zone.
15:46 of 3rd period - Shot by Lane Pederson.
15:46 of 3rd period - Stopped by Nikita Tolopilo without a rebound.
15:47 of 3rd period - Lane Pederson wins face-off versus Farm Player 109 in Stars zone.
15:56 of 3rd period - Shot by Ryker Evans.
15:56 of 3rd period - Stopped by Nikita Tolopilo with a rebound.
15:58 of 3rd period - Shot by Dylan Coghlan.
15:58 of 3rd period - Stopped by Nikita Tolopilo with a rebound.
16:00 of 3rd period - Shot by Dylan Coghlan.
16:00 of 3rd period - Deflect By Lane Pederson.
16:00 of 3rd period - Shot Misses the Net.
16:07 of 3rd period - Shot by Ryker Evans.
16:07 of 3rd period - Stopped by Nikita Tolopilo with a rebound.
16:09 of 3rd period - Shot by Oskar Steen.
16:09 of 3rd period - Stopped by Nikita Tolopilo without a rebound.
16:10 of 3rd period - Reese Johnson wins face-off versus Clark Bishop in Stars zone.
17:19 of 3rd period - Shot by Hunter Drew.
17:19 of 3rd period - Stopped by Nikita Tolopilo with a rebound.
17:37 of 3rd period - Shot by Jared Davidson.
17:37 of 3rd period - Shot Misses the Net.
17:43 of 3rd period - Shot by Hunter Drew.
17:43 of 3rd period - Stopped by Nikita Tolopilo without a rebound.
17:44 of 3rd period - Shawn Element wins face-off versus Samuel Asselin in Stars zone.
17:57 of 3rd period - Shot by Grant Cruikshank.
17:57 of 3rd period - Stopped by Mads Sogaard without a rebound.
17:58 of 3rd period - Reese Johnson wins face-off versus Lane Pederson in Roadrunners zone.
18:37 of 3rd period - Icing by Vinnie Hinostroza.
18:38 of 3rd period - Jared Davidson wins face-off versus Reese Johnson in Stars zone.
18:41 of 3rd period - Shot by Roman Ahcan.
18:41 of 3rd period - Stopped by Nikita Tolopilo with a rebound.
18:43 of 3rd period - Shot by Jared Davidson.
18:43 of 3rd period - Stopped by Nikita Tolopilo without a rebound.
18:44 of 3rd period - Luke Philp wins face-off versus Jared Davidson in Stars zone.
18:53 of 3rd period - Shot by Brett Murray.
18:53 of 3rd period - Shot Blocked by Ryker Evans.
18:56 of 3rd period - Brett Murray is hit by Gavin White and loses puck.
19:04 of 3rd period - Minor Penalty to Gavin White for Holding.
19:05 of 3rd period - Alexander True wins face-off versus Jeff Malott in Roadrunners zone.
19:08 of 3rd period - Shot by Tobie Bisson.
19:08 of 3rd period - Stopped by Mads Sogaard without a rebound.
19:09 of 3rd period - Mark Rassell wins face-off versus Jeff Malott in Roadrunners zone.
19:58 of 3rd period - Shot by Clark Bishop.
19:58 of 3rd period - Shot Misses the Net.
Goals for this period are 2 for Stars vs 0 for Roadrunners.
Shots for this period are 11 for Stars vs 19 for Roadrunners.

Overtime #1


0:01 of 1st overtime period - Jeff Malott wins face-off versus Farm Player 109 in neutral zone.
0:34 of 1st overtime period - Icing by Tobie Bisson.
0:35 of 1st overtime period - Jeff Malott wins face-off versus Farm Player 109 in Stars zone.
1:17 of 1st overtime period - Shot by Lane Pederson.
1:17 of 1st overtime period - Stopped by Nikita Tolopilo without a rebound.
1:18 of 1st overtime period - Lane Pederson wins face-off versus Reese Johnson in Stars zone.
2:01 of 1st overtime period - Off-side.
2:02 of 1st overtime period - Jeff Malott wins face-off versus Alexander True in neutral zone.
2:31 of 1st overtime period - Shot by Alexander True.
2:31 of 1st overtime period - Shot Misses the Net.
2:53 of 1st overtime period - Shot by Clark Bishop.
2:53 of 1st overtime period - Stopped by Nikita Tolopilo with a rebound.
2:55 of 1st overtime period - Shot by Ryker Evans.
2:55 of 1st overtime period - Stopped by Nikita Tolopilo without a rebound.
2:56 of 1st overtime period - Joona Koppanen wins face-off versus Reese Johnson in Stars zone.
3:50 of 1st overtime period - Shot by Jeff Malott.
3:50 of 1st overtime period - Shot Blocked by Frederic Brunet.
3:54 of 1st overtime period - Shot by Lane Pederson.
3:54 of 1st overtime period - Stopped by Nikita Tolopilo without a rebound.
3:55 of 1st overtime period - Lane Pederson wins face-off versus Alexander True in Stars zone.
4:02 of 1st overtime period - Shot by Clark Bishop.
4:02 of 1st overtime period - Goal by Clark Bishop - Stars : 3 - Roadrunners : 4.
Goals for this period are 0 for Stars vs 1 for Roadrunners.
Shots for this period are 0 for Stars vs 5 for Roadrunners.